 Dungeon Crawl Stone Soup version 0.28.0 (webtiles) character file.

Game seed: 15054050352205280521

11 Gabide the Insei (level 2, 0/16 HPs)
             Began as a Vine Stalker Monk on Feb 15, 2022.
             Succumbed to an adder's poison
             ... on level 2 of the Dungeon.
             The game lasted 00:01:06 (721 turns).

Gabide the Insei (Vine Stalker Monk)                 Turns: 721, Time: 00:01:06

Health: 0/16       AC:  2    Str: 13    XL:     2   Next: 25%
Magic:  0/3        EV: 13    Int: 10    God:
Gold:   42         SH:  0    Dex: 16    Spells: 1/1 levels left

rFire   . . .      SeeInvis .     - Unarmed
rCold   . . .      Faith    .   (no shield)
rNeg    . . .      Spirit   +   a - +0 robe
rPois   .          Reflect  .   (no helmet)
rElec   .          Harm     .   (no cloak)
rCorr   .          Rampage  .   (no gloves)
Will    .....                   (no boots)
Stlth   ++........              (no amulet)
HPRegen 0.05/turn               (no ring)
MPRegen 0.08/turn               (no ring)

@: lethally poisoned (0 -> -11)
A: fangs 2, magic shield, antimagic bite, no potion heal 2
a: no special abilities


You were on level 2 of the Dungeon.
You visited 1 branch of the dungeon, and saw 2 of its levels.

You collected 42 gold pieces.

Inventory:

Armour
 a - a +0 robe (worn)
Scrolls
 b - a scroll of enchant armour {unknown}


   Skills:
 * Level 2.9 Fighting
 * Level 2.6 Dodging
 - Level 2.4 Stealth
 * Level 3.2 Unarmed Combat


You had one spell level left.
You didn't know any spells.
Your spell library was empty.

Dungeon Overview and Level Annotations

Branches:
Dungeon (2/15)

Altars:


Innate Abilities, Weirdness & Mutations

You have extremely sharp teeth.
When hurt, damage is shared between your health and your magic reserves.
Your bite disrupts and absorbs the magic of your enemies.
Potions cannot restore your health.


Message History

No target in view!
No target in view!
No target in view!
No target in view!
Found a stone staircase leading up.
You see here a hobgoblin corpse.
Found a war axe.
Found a stone staircase leading up.
An endoplasm comes into view.
The endoplasm quivers.
An adder comes into view.
Found a hand axe and a cyan potion.
The endoplasm misses you.
You hit the endoplasm.
You kill the endoplasm!
You hit the adder. Your bite misses the adder.
The adder is moderately wounded.
The adder closely misses you.
You closely miss the adder. Your bite misses the adder.
The adder is moderately wounded.
The adder bites you.
You are poisoned.
The adder poisons you! The adder bites you.
You are more poisoned.
The adder poisons you!
You hit the adder. Your punch misses the adder.
You bite the adder, but do no damage.
The adder is heavily wounded.
You feel sick. The adder bites you.
You hit the adder. Your bite misses the adder.
The adder is almost dead.
You feel sick. The adder misses you.
You completely miss the adder. Your bite misses the adder.
The adder is almost dead.
You feel sick. The adder bites you.
* * * LOW HITPOINT WARNING * * *
You are more poisoned.
The adder poisons you!
You completely miss the adder.
The adder is almost dead.
You die...

#........## #..........
#........<. #########
##..)...###
#.......#######...#..##
##.#.#.#..............##
#!........######.#.#..##
#..#.#.#.## #.....###
#).....@.# #.#.#.# #
#..#.#S#.# #.....#
#........# #..####
#.###.#.## #.## # #.#..
.< ..... .# ### ..


You could see an adder.

Vanquished Creatures
  A dart slug (D:1)
  3 endoplasms
  A hobgoblin (D:2)
  2 frilled lizards (D:1)
  A kobold (D:1)
  A rat (D:1)
9 creatures vanquished.

Notes
Turn   | Place    | Note
-------+----------+-------------------------------------------
     0 | D:1      | Gabide the Vine Stalker Monk began the quest for the Orb.
     0 | D:1      | Reached XP level 1. HP: 11/11 MP: 2/2
   402 | D:1      | Found a faded altar of an unknown god.
   478 | D:1      | Reached XP level 2. HP: 16/16 MP: 3/3
   721 | D:2      | Succumbed to an adder's poison

Illustrated notes

Levels and vault maps discovered:
D:1:      roderic_chinese_lattice_arrival, layout_loops_ring,
          ebering_ecumenical_altar_hall
D:2:      layout_loops_ring, basic_altar, serial_glass, glass_columns_a,
          glass_columns_b, glass_columns_b, glass_columns_b, glass_columns_b,
          glass_columns_b, glass_columns_a, glass_columns_c, glass_columns_b,
          glass_columns_b, due_unseen_surprise, minmay_heptomino_d4,
          uniq_sigmund

Action                   || total
-------------------------++-------
Melee: Unarmed           ||    25
       Bite              ||     3
       Punch             ||     1
 Stab: Sleeping          ||     4
Armor: Robe              ||     2
Dodge: Dodged            ||     8
